cohdb
Replays
Latest Replays
All Replays
Popular Replays
Top Player Replays
Match Explorer
How It Works
Community
CoH3 Stats
Reddit
Sign in to upload your games and track your stats! →
Sign in with Steam
Match 35522016
Unlisted
Match 35522016
Overview
Messages
Build Orders
End
250 Light Carrier
Panzerpioneer Squad
Panzerpioneer Squad
Panzergrenadier Squad
Panzergrenadier Squad
Panzergrenadier Squad
Selects Italian Infantry
Selects Defensive Operations
Construct Light Support Kompanie
Construct Mechanized Kompanie
Selects Prepared Positions
Construct Panzerarmee Kommand
Panzer III L Medium Tank
Panzer III L Medium Tank
Panzer III L Medium Tank
Selects Guastatori Squad
Selects Registered Artillery
Walking Stuka Rocket Launcher
Walking Stuka Rocket Launcher
Selects Towed Cannone da 105/28 Field Howitzer
Tungsten Core Ammunition
Arimember
matrix4x4
Esa.小章鱼
EMSO
Koperaal Meintjies
JETJATE
0
0
Comments
sign in to comment!
No comments posted yet!